Map: Cañón polvoriento

Players

Needle - Winner!

  • Race: Protoss Protoss
  • League: Silver
  • Spawn Location: 11:00

RobotNinja - Winner!

  • Race: Terran Terran
  • Spawn Location: 9:00

MrFercho

  • Race: Zerg Zerg
  • League: Silver
  • Spawn Location: 5:00

TATORREA

  • Race: Protoss Protoss
  • League: Silver
  • Spawn Location: 3:00

VOD

Have the link to the VOD?

Description

Time

  • Played on: May 30, 2020, 9:25 p.m.
  • Length: 13:51
Show
View Real Time Build Order
Export as new Build Order

Needle Protoss - Winner!

Build Orders: Oracle Opening 

Get SALT Encoding   

  12  0:02  Probe  
  13  0:23  Probe (Chrono Boost)  
  13  0:26  Pylon  
  14  0:32  Probe (Chrono Boost)  
  15  0:44  Probe  
  15  0:48  Gateway  
  16  0:56  Gateway  
  16  1:12  Assimilator, Pylon  
  16  1:25  Assimilator  
  16  1:41  Cybernetics Core  
  16  2:03  Nexus  
  16  2:13  Assimilator  
  16  2:25  Probe (Chrono Boost)  
  16  2:28  Warp Gate (Chrono Boost)  
  17  2:36  Probe (Chrono Boost)  
  18  2:43  Probe  
  19  2:55  Probe  
  20  3:07  Probe  
  20  3:11  Stargate  
  22  3:22  Probe (Chrono Boost)  
  22  3:23  Probe (Chrono Boost)  
  23  3:34  Probe (Chrono Boost)  
  24  3:38  Probe (Chrono Boost)  
  24  3:39  Robotics Facility  
  25  3:46  Pylon  
  25  3:56  Oracle (Chrono Boost)  
  25  4:01  Probe (Chrono Boost)  
  30  4:07  Probe (Chrono Boost)  
  30  4:18  Protoss Air Weapons Level 1  
  30  4:25  Assimilator  
  30  4:26  Probe  
  31  4:38  Probe  
  32  4:51  Probe  
  33  5:03  Probe  
  34  5:08  Probe  
  34  5:12  Stalker x2  
  39  5:15  Probe, Observer  
  39  5:20  Probe  
  42  5:21  Pylon  
  42  5:24  Void Ray  
  42  5:27  Probe  
  47  5:31  Stargate  
  47  5:32  Probe  
  47  5:34  Pylon  
  48  5:39  Probe  
  48  5:40  Pylon  
  49  5:44  Probe  
  46  6:11  Stalker  
  46  6:12  Stalker  
  46  6:14  Immortal  
  46  6:18  Robotics Facility  
  54  6:21  Pylon  
  54  6:28  Nexus  
  54  6:37  Void Ray  
  58  6:46  Void Ray  
  62  7:26  Void Ray  
  62  7:29  Void Ray  
  70  7:34  Immortal, Observer  
  75  7:41  Probe (Chrono Boost)  
  74  7:51  Probe (Chrono Boost)  
  74  7:56  Probe (Chrono Boost)  
  75  8:08  Probe  
  76  8:17  Immortal x2  
  84  8:20  Probe  
  85  8:27  Void Ray x2  
  85  8:32  Probe (Chrono Boost)  
  94  8:43  Probe (Chrono Boost)  
  94  8:46  Fleet Beacon  
  95  8:48  Probe (Chrono Boost)  
  95  8:53  Protoss Air Armor Level 1  
  95  8:55  Stargate  
  96  8:58  Probe  
  85  9:28  Void Ray  
  85  9:29  Void Ray  
  90  9:31  Probe x3  
  90  9:36  Stalker  
  90  9:37  Stalker  
  96  9:43  Probe x3  
  99  9:55  Probe  
  100  10:34  Pylon  
  100  10:37  Pylon  
  100  10:38  Pylon  
  100  10:39  Pylon  
  100  10:40  Assimilator  
  100  10:43  Probe  
  100  10:45  Assimilator  
  101  10:51  Immortal  
  101  10:52  Immortal, Probe x2  
  101  10:55  Probe  
  108  11:04  Probe x2  
  108  11:07  Probe  
  107  11:25  Carrier x2  
  119  11:34  Stargate  
  119  12:36  Nexus  
  119  12:43  Stalker  
  119  12:44  Stalker, Assimilator  
  115  12:46  Immortal x2  
  115  12:50  Assimilator  
Show
View Real Time Build Order
Export as new Build Order

RobotNinja Terran - Winner!

Build Orders:  

Get SALT Encoding   

  12  0:02  SCV  
  13  0:20  Supply Depot  
  13  0:24  SCV  
  14  0:34  Refinery  
  14  0:36  SCV  
  15  0:46  Barracks  
  15  0:49  SCV  
  16  1:05  Supply Depot  
  16  1:11  SCV  
  17  1:23  SCV  
  18  1:28  Supply Depot  
  18  1:38  Barracks  
  18  1:50  Barracks Reactor  
  18  1:53  SCV  
  19  2:00  Refinery  
  19  2:05  SCV  
  20  2:18  SCV  
  21  2:30  SCV  
  22  2:40  Barracks Tech Lab  
  22  2:42  SCV  
  22  2:44  Reaper x2  
  25  2:54  SCV  
  26  3:07  Orbital Command  
  26  3:09  Command Center  
  26  3:16  Reaper x2  
  28  3:21  Reaper  
  29  3:33  SCV  
  30  3:45  SCV  
  30  3:48  Reaper x2  
  33  3:53  Marauder  
  35  3:59  Supply Depot  
  35  4:01  Supply Depot  
  35  4:02  SCV  
  36  4:14  Marauder  
  38  4:36  Marauder  
  34  5:14  Marauder  
  36  5:21  Barracks  
  36  5:28  Factory x2, SCV  
  36  5:34  Marine x2  
  36  5:35  Marauder  
  41  5:41  SCV  
  42  5:51  Marine  
  42  5:52  Marine  
  42  5:53  SCV  
  42  5:56  Marauder  
  46  6:05  SCV  
  42  6:14  Marine x3  
  42  6:17  SCV  
  42  6:18  Marauder  
  48  6:21  Factory Tech Lab  
  48  6:22  Factory Tech Lab  
  48  6:32  Marine x3  
  51  6:39  Marauder  
  53  6:41  Siege Tank x2  
  59  6:49  Marine  
  60  7:00  SCV  
  60  7:01  Marauder  
  63  7:07  SCV  
  64  7:12  SCV  
  64  7:13  Siege Tank  
  68  7:17  Refinery  
  68  7:19  SCV  
  68  7:21  Refinery  
  69  7:24  SCV  
  70  7:45  SCV  
  70  7:55  SCV  
  70  7:57  Siege Tank  
  70  8:01  SCV  
  70  8:02  Marauder  
  70  9:12  Marine  
  70  9:15  Marine, SCV  
  70  9:17  Marauder  
  70  9:19  Marine  
  68  9:26  Siege Tank  
  70  9:31  Marine  
  70  9:54  Marine x3  
  70  9:56  SCV  
  70  10:03  Marine  
  70  10:06  Siege Tank  
  70  10:13  Siege Tank  
  70  10:14  Marine  
  70  10:20  Marine  
  63  10:26  Marauder  
  63  10:27  Marine  
  62  10:32  Marine  
  63  10:38  Supply Depot, Marine, Siege Tank  
  63  10:39  Supply Depot  
  63  10:41  Supply Depot  
  67  10:42  Supply Depot  
  67  10:45  Marine  
  67  10:47  Marauder  
  70  11:00  Marine x2, Siege Tank  
  70  11:02  Marine  
  76  11:08  Marauder  
  76  11:10  Siege Tank  
  78  11:30  Marauder  
  78  11:32  Siege Tank  
  82  11:42  Siege Tank  
  85  11:51  Marauder  
  87  12:04  Siege Tank  
  85  12:14  Siege Tank  
  61  12:46  Siege Tank  
  61  12:47  Siege Tank  
  65  13:00  SCV  
  66  13:08  Starport  
  66  13:11  Starport x2  
  66  13:12  SCV  
  67  13:14  Starport x2  
  67  13:18  Siege Tank  
  67  13:19  Siege Tank  
  73  13:24  SCV  
Show
View Real Time Build Order
Export as new Build Order

MrFercho Zerg 

Build Orders: 3 Hatch before Pool 

Get SALT Encoding   

  12  0:03  Drone  
  13  0:12  Drone  
  14  0:31  Extractor  
  14  0:32  Extractor  
  14  0:33  Drone x2  
  16  1:08  Hatchery  
  15  1:13  Hatchery  
  14  1:27  Overlord x2  
  14  1:52  Drone x3  
  17  2:04  Drone  
  18  2:10  Spawning Pool  
  17  2:17  Drone  
  17  2:22  Drone  
  19  2:24  Drone  
  19  2:25  Drone  
  21  2:34  Extractor  
  21  2:35  Drone  
  21  2:36  Drone  
  23  2:37  Drone  
  23  2:38  Extractor  
  23  2:42  Drone  
  23  2:46  Drone  
  23  2:47  Drone  
  25  2:53  Drone  
  25  2:56  Drone  
  27  2:59  Drone  
  28  3:11  Drone x3  
  31  3:23  Drone x3  
  31  3:25  Drone  
  35  3:27  Queen  
  35  3:28  Queen x2  
  35  3:30  Drone  
  42  3:34  Extractor  
  42  3:37  Extractor, Overlord  
  42  3:38  Overlord  
  40  3:42  Extractor  
  40  3:44  Extractor, Drone x2  
  40  3:47  Drone  
  41  3:50  Drone  
  41  3:55  Drone  
  43  3:57  Drone  
  43  4:01  Drone  
  45  4:04  Lair  
  45  4:07  Drone  
  45  4:08  Drone  
  47  4:20  Drone  
  47  4:21  Drone x2  
  50  4:24  Pneumatized Carapace  
  50  4:26  Drone x2  
  49  4:41  Zergling x2  
  49  4:42  Zergling x6  
  40  4:54  Queen  
  36  5:18  Hatchery x2  
  34  5:33  Spire  
  33  5:36  Hydralisk Den  
  33  5:40  Drone x3  
  35  5:45  Drone x3  
  33  6:12  Drone x2  
  33  6:17  Queen  
  37  6:18  Drone  
  37  6:19  Drone x2  
  40  6:31  Evolution Chamber  
  39  6:45  Hatchery  
  39  6:46  Overseer  
  38  6:48  Extractor  
  38  6:50  Extractor  
  36  7:09  Mutalisk x6  
  36  7:10  Mutalisk x2  
  52  7:25  Drone x2  
  52  7:26  Drone  
  55  7:44  Mutalisk  
  55  7:45  Mutalisk  
  49  8:20  Hydralisk x2  
  53  8:50  Drone  
  53  8:51  Drone x2  
  53  8:53  Overlord x2  
  53  8:54  Overlord  
  44  9:38  Mutalisk x7  
  50  10:00  Mutalisk  
  50  10:01  Mutalisk x3  
  50  10:41  Mutalisk x4  
  50  11:04  Mutalisk x2  
  41  11:35  Mutalisk  
  41  11:36  Mutalisk x11  
  56  11:47  Mutalisk  
  53  11:57  Mutalisk  
  53  11:58  Mutalisk x3  
  54  12:22  Mutalisk x7  
Show
View Real Time Build Order
Export as new Build Order

TATORREA Protoss 

Build Orders:  

Get SALT Encoding   

  12  0:04  Probe  
  13  0:28  Probe  
  13  0:35  Pylon  
  14  0:40  Probe  
  15  0:45  Assimilator  
  15  0:53  Probe  
  16  1:05  Probe  
  16  1:09  Gateway  
  17  1:15  Pylon  
  17  1:17  Probe  
  18  1:29  Probe  
  19  1:41  Probe  
  19  1:42  Gateway  
  20  1:53  Probe  
  21  1:57  Assimilator  
  21  2:04  Cybernetics Core  
  21  2:07  Gateway  
  21  2:16  Forge  
  21  2:18  Probe  
  21  2:20  Pylon  
  22  2:36  Zealot x2  
  26  2:41  Warp Gate  
  26  3:10  Nexus  
  26  3:14  Pylon  
  26  3:25  Probe  
  27  3:30  Stalker  
  27  3:32  Protoss Ground Weapons Level 1  
  27  3:33  Zealot  
  31  3:37  Probe  
  32  3:49  Probe  
  33  4:01  Probe  
  34  4:04  Stalker (Chrono Boost)  
  36  4:13  Probe  
  37  4:19  Twilight Council  
  37  4:22  Robotics Facility  
  37  4:23  Probe  
  38  4:29  Probe  
  39  4:36  Probe  
  40  4:57  Probe  
  40  4:58  Probe  
  42  5:28  Probe  
  42  5:29  Probe  
  44  5:38  Protoss Ground Weapons Level 2 (Chrono Boost)  
  44  5:40  Probe  
  44  5:41  Probe  
  46  5:43  Charge  
  46  5:45  Immortal  
  46  5:49  Stalker  
  52  5:50  Stalker x2  
  52  5:53  Probe x2  
  58  6:22  Stalker x2  
  62  6:34  Pylon  
  62  6:41  Pylon  
  62  6:45  Pylon  
  62  6:48  Pylon  
  62  6:57  Pylon  
  62  7:00  Assimilator, Probe  
  62  7:01  Probe  
  64  7:02  Pylon  
  64  7:04  Assimilator  
  64  7:05  Pylon  
  64  7:10  Stalker x2  
  64  7:12  Probe  
  64  7:13  Gateway, Probe, Zealot  
  72  7:15  Gateway  
  72  7:17  Gateway  
  72  7:20  Gateway  
  72  7:21  Gateway  
  72  7:24  Stargate  
  72  7:25  Probe x2  
  72  7:26  Stargate  
  44  8:08  Zealot  
  44  8:09  Zealot x2  
  50  8:16  Stalker x2  
  50  8:17  Stalker  
  56  8:20  Immortal  
  56  8:23  Void Ray x2  
  68  8:55  Zealot  
  68  8:56  Zealot x4  
  68  8:57  Nexus, Zealot x2  
  68  8:58  Zealot  
  84  9:05  Immortal  
  48  9:26  Stalker x3  
  48  9:27  Stalker  
  48  9:28  Stalker  
  52  9:43  Stalker  
  50  9:55  Zealot x3  
  50  9:56  Zealot  
  28  10:38  Zealot x3  
  22  10:59  Zealot  
  22  11:00  Zealot  
Tags
 
Add a new tag
Caveats
  • Supply blocks, unpowered buildings, or Contaminate may cause inaccurate times.
  • Supply counts are checked every 10 seconds.